 Dungeon Sprint DCSS version 0.28-a0-313-gbc0475efdd (webtiles) character file.

Game seed: 13154505792845848094

636 Ankalagon the Tainter (level 7, -13/48 HPs)
             Began as an Octopode Transmuter on Aug 31, 2021.
             Mangled by a neqoxec (14 damage)
             ... in the Dungeon (Sprint II: "The Violet Keep of Menkaure").
             The game lasted 00:02:11 (153 turns).

Ankalagon the Tainter (Octopode Transmuter)          Turns: 153, Time: 00:02:11

Health: -13/48     AC:  2    Str:  7    XL:     7   Next: 50%
Magic:  10/13      EV: 22    Int: 17    God:
Gold:   0          SH:  0    Dex: 18    Spells: 10/14 levels left

rFire   . . .      SeeInvis .     - Unarmed
rCold   . . .      Faith    .   (shield currently unavailable)
rNeg    . . .      Spirit   .   (helmet currently unavailable)
rPois   x          Reflect  .   (no amulet)
rElec   .          Harm     .   (no ring)
rCorr   .          Rampage  .   (no ring)
Will    .....      NoTele   +   (no ring)
Stlth   ++........              (no ring)
HPRegen 0.16/turn               (no ring)
MPRegen 0.13/turn               (no ring)
                                (no ring)
                                (no ring)

@: spider-form
A: venomous fangs, almost no armour, (amphibious), 8 rings, tiny, (camouflage
1), (gelatinous body 1), (nimble swimmer 1), (tentacles), (fire resistance 1),
weak 1
a: End Transformation


You were in the Dungeon.
You were a venomous arachnid creature.
You visited 1 branch

Inventory:

Scrolls
 f - a scroll of blinking
Potions
 a - a potion of curing
 c - a potion of haste
 d - 2 potions of magic


   Skills:
 - Level 4.1 Fighting
 - Level 4.5 Dodging
 - Level 9.1 Unarmed Combat
 - Level 4.2 Spellcasting
 - Level 4.5 Transmutations
 + Level 12.0 Poison Magic


You had 10 spell levels left.
You knew the following spells:

 Your Spells              Type           Power      Damage    Failure   Level
a - Beastly Appendage     Tmut           38%        N/A       9%          1
b - Spider Form           Tmut/Pois      15%        N/A       7%          3

Your spell library contained the following spells:

 Spells                   Type           Power      Damage    Failure   Level
 Wereblood                Tmut           19%        N/A       12%         2
 Ice Form                 Ice/Tmut       11%        N/A       73%         4


Dungeon Overview and Level Annotations

Branches:
Dungeon (1/1)

Altars:


Innate Abilities, Weirdness & Mutations

You are a venomous arachnid creature.
You have poisonous fangs.
You are tiny and dextrous.
Your spellcasting is less reliable in this form.
Your armour is entirely melded.
You are incapable of wielding weapons or throwing items.
You cannot wear most types of armour.
((You are amphibious.))
You can wear up to eight rings at the same time.
((Your skin changes colour to match your surroundings (Stealth+).))
((Your rubbery body absorbs attacks. (AC +1, EV +1)))
((You are camouflaged near water. (Stealth+)))
((You have tentacles for arms and can constrict up to eight enemies at once.))
((Your flesh is heat resistant. (rF+)))
You are weak. (Str -2)


Message History

You hit the neqoxec.
The neqoxec is lightly wounded.
The neqoxec completely misses you.
You hit the neqoxec but do no damage.
The neqoxec is lightly wounded.
The neqoxec hits you!
* * * LOW HITPOINT WARNING * * *
You bite the neqoxec!
The neqoxec is poisoned.
The neqoxec is moderately wounded.
The neqoxec gestures at you.
Something tries to feed on your intellect!
You hit the neqoxec.
The neqoxec is heavily wounded.
The neqoxec closely misses you.
You bite the neqoxec!
The neqoxec is severely wounded.
You hit the neqoxec.
The neqoxec is almost dead.
The neqoxec gestures at you.
You feel dopey. Something feeds on your intellect!
You hit the neqoxec but do no damage.
The neqoxec is almost dead.
The neqoxec closely misses you.
You bite the neqoxec!
You kill the neqoxec!
You feel your intelligence returning.
Your Poison Magic skill gained 2 levels and is now at level 12!
Okay, then.
Unknown command.
You bite the neqoxec!
The neqoxec is moderately wounded.
You hit the neqoxec.
The neqoxec is poisoned.
The neqoxec is moderately wounded.
The neqoxec hits you!
* * * LOW HITPOINT WARNING * * *
You hit the neqoxec.
The neqoxec is moderately wounded.
The neqoxec hits you!
You die...

## ###
.##..
.$. #
#3# .#
##s##..#
+.<.†#
##.##..#
#+# .#
$#. # l#
#l ## ##


You could see a neqoxec (very poisoned).

Vanquished Creatures
  3 neqoxecs (D)
  4 scorpions (D)
7 creatures vanquished.

Vanquished Creatures (others)
  A water moccasin (D)
1 creature vanquished.

Grand Total: 8 creatures vanquished

Notes
Turn   | Place    | Note
-------+----------+-------------------------------------------
     0 | D        | Ankalagon the Octopode Transmuter began the quest for the
                  | Orb.
     0 | D        | Reached XP level 1. HP: 13/13 MP: 3/3
     1 | D        | Noticed a neqoxec
     1 | D        | Noticed a neqoxec
     1 | D        | Noticed a neqoxec
     1 | D        | Noticed a neqoxec
     4 | D        | Noticed a scorpion
     4 | D        | Noticed a scorpion
     4 | D        | Noticed a scorpion
     4 | D        | Noticed a scorpion
     9 | D        | Killed a scorpion
    10 | D        | Reached XP level 2. HP: 17/18 MP: 5/5
    10 | D        | Reached XP level 3. HP: 22/23 MP: 6/6
    10 | D        | Reached XP level 4. HP: 27/28 MP: 7/7
    11 | D        | Killed a scorpion
    13 | D        | Killed a scorpion
    14 | D        | Reached XP level 5. HP: 35/36 MP: 7/10
    16 | D        | Reached XP level 6. HP: 42/43 MP: 7/12
    16 | D        | Killed a water moccasin
   110 | D        | Learned a level 3 spell: Spider Form
   110 | D        | Noticed a wyvern
   110 | D        | Noticed a wyvern
   125 | D        | Killed a neqoxec
   126 | D        | Reached skill level 7 in Poison Magic
   132 | D        | Gained mutation: Your flesh is heat resistant. (rF+) [a
                  | neqoxec]
   140 | D        | Gained mutation: You are weak. (Str -2) [a neqoxec]
   142 | D        | Killed a neqoxec
   143 | D        | Reached skill level 10 in Poison Magic
   143 | D        | Reached XP level 7. HP: 26/48 MP: 9/13
   150 | D        | Killed a neqoxec
   151 | D        | Reached skill level 12 in Poison Magic
   152 | D        | HP: 1/48 [neqoxec (14)]
   153 | D        | Mangled by a neqoxec

Illustrated notes

Levels and vault maps discovered:
D:        the_violet_keep_of_menkaure [sprint2_stairs_cluster_1,
          sprint2_shoproom, sprint2_temple, sprint2_basic_supplies,
          sprint2_obstacle_3, sprint2_obstacle_4, sprint2_obstacle_6,
          sprint2_obstacle_1, sprint2_obstacle_7, sprint2_timed_cluster_1,
          sprint2_smallroom_cluster_1, sprint2_smallroom_final_cluster_1,
          sprint2_transparent_cluster_1, sprint2_second_timed_cluster_1,
          sprint2_sniper_area_1, sprint2_heavy_combat_area_1,
          sprint2_mutation_trap_area_1, sprint2_forest_area_1,
          sprint2_light_combat_area_1, sprint2_behind_water_1,
          sprint2_near_end_vault_1]

Skill      XL: |  1  2  3  4  5  6  7 |
---------------+----------------------+-----
Unarmed Combat | 8 9 |  9.1
Fighting       | 3 4 |  4.1
Dodging        | 4 |  4.5
Spellcasting   | 3 4 |  4.2
Transmutations | 4 |  4.5
Poison Magic   | 10 12 | 12.0

Action                   |  1- 3 |  4- 6 |  7- 9 || total
-------------------------+-------+-------+-------++-------
Melee: Unarmed           |     3 |    31 |    11 ||    45
       Tentacles         |     2 |       |       ||     2
       Constrict         |     1 |     2 |       ||     3
       Punch             |       |     1 |       ||     1
 Cast: Spider Form       |       |     2 |       ||     2
  Use: Potion            |     1 |     1 |       ||     2
Dodge: Dodged            |     2 |    13 |     3 ||    18

Table legend: (Time is in decaauts)
 A = Elapsed time spent in this place.
 B = Non-inter-level travel time spent in this place.
 C = Inter-level travel time spent in this place.
 D = Time resting spent in this place.
 E = Time spent auto-exploring this place.
 F = Levels seen in this place.
 G = Mean time per level.
                   A        B        C        D        E       F      G
               +--------+--------+--------+--------+--------+-----+--------+
         Total |    154 |    154 |      0 |    100 |      0 |   1 |  154.0 |
       Dungeon |    154 |    154 |      0 |    100 |      0 |   1 |  154.0 |
               +--------+--------+--------+--------+--------+-----+--------+

Top non-repeatable levels by time:
       D: 154 daAuts
